 Dungeon Crawl Stone Soup version 0.31.0-1-g2c135a008e (webtiles) character file.

Game seed: 9187810317850630312

123 qw the Shooter (level 5, -6/40 HPs)
             Began as a Djinni Hunter on Jan 23, 2024.
             Mangled by a gnoll
             ... wielding a +0 halberd
              (9 damage)
             ... on level 3 of the Dungeon.
             The game lasted 00:00:09 (2413 turns).

qw the Shooter (Djinni Hunter)                      Turns: 2413, Time: 00:00:09

Health: -6/40      AC:  3    Str: 10    XL:     5   Next: 29%
Gold:   115        EV: 13    Int: 10    God:
                   SH:  0    Dex: 19

rFire   + + .        a - +1 shortbow
rCold   x . .        (shield currently unavailable)
rNeg    . . .        c - +0 leather armour
rPois   inf          (helmet restricted)
rElec   .            (no cloak)
rCorr   .            (no gloves)
SInv    .            (boots unavailable)
Will    .....        (no amulet)
Stlth   ++           (no ring)
HPRegen 1.06/turn    (no ring)
MPRegen 0.00/turn

%: infuse magic (-7 HP)
@: flying
A: sickness immunity, fire resistance 2, cold vulnerability 1, float, innate
caster, HP casting, extra vitality 1, horns 1, regeneration 1
a: no special abilities


You were on level 3 of the Dungeon.
You visited 1 branch of the dungeon, and saw 3 of its levels.

You collected 115 gold pieces.


Innate Abilities, Weirdness & Mutations

You are immune to sickness and miasma.
You are immune to poison.
Your flesh is very heat resistant. (rF++)
You are vulnerable to cold. (rC-)
You float through the air rather than walking.
You learn spells naturally, not from books.
Your magical power is your life essence.
You have superior vitality. (+4 MHP)
You have a pair of small horns on your head.
Your natural rate of healing is unusually fast.


   Skills:
 - Level 3.0 Fighting
 + Level 4.4 Ranged Weapons
 - Level 3.0 Dodging
 - Level 0.7 Stealth


You knew the following spells:

 Your Spells              Type           Power      Damage    Failure   Level
a - Necrotise             Necr           0%         1d4       45%         1
b - Call Imp              Summ           0%         N/A       61%         2
Your spell library was empty.

Inventory:

Hand Weapons
 a - a +1 shortbow (weapon)
Armour
 c - a +0 leather armour (worn)
 j - a +0 ring mail
Jewellery
 e - an amulet of the acrobat
Scrolls
 f - a scroll of identify
 h - a scroll of teleportation {unknown}
 k - a scroll of immolation {unknown}
Potions
 b - a potion of resistance
 d - a potion of enlightenment
 g - a potion of curing {unknown}
 i - a potion of might

Dungeon Overview and Level Annotations

Branches:
Dungeon (3/15)

Altars:
Qazlal


Message History

You shoot an arrow. The arrow hits the gnoll.
The gnoll is moderately wounded.
You shoot an arrow. The arrow hits the gnoll.
The gnoll is heavily wounded.
The gnoll hits you but does no damage.
The gnoll hits you from afar with a +0 halberd.
The gnoll closely misses you.
The gnoll hits you from afar with a +0 spear!
The gnoll misses you.
You shoot an arrow. The arrow hits the gnoll.
The gnoll is almost dead.
The gnoll misses you. The gnoll closely misses you.
The gnoll hits you from afar with a +0 halberd.
You shoot an arrow. The arrow hits the gnoll.
You kill the gnoll!
The gnoll hits you from afar with a +0 spear.
The gnoll completely misses you.
You shoot an arrow. The arrow barely misses the gnoll.
The gnoll hits you from afar with a +0 spear.
The gnoll barely misses you.
You shoot an arrow. The arrow hits the gnoll!
The gnoll is heavily wounded.
The gnoll barely misses you. x2
You shoot an arrow. The arrow barely misses the gnoll.
The gnoll misses you. The gnoll barely misses you.
The gnoll hits you from afar with a +0 spear.
The gnoll closely misses you.
You shoot an arrow. The arrow closely misses the gnoll.
The gnoll hits you from afar with a +0 spear!
The gnoll barely misses you.
You shoot an arrow. The arrow completely misses the gnoll.
The gnoll barely misses you. The gnoll misses you.
You shoot an arrow. The arrow hits the gnoll.
The gnoll is almost dead.
The gnoll closely misses you.
The gnoll hits you from afar with a +0 halberd!
You shoot an arrow. The arrow hits the gnoll.
You kill the gnoll!
The gnoll hits you from afar with a +0 halberd! x2
You die...

######. ###......)
..#.?..... #.#.......#
.#. #.#.......#
.....###.#.......# #.
#.#..g)@.#...)%.. #.
...?#)##......... #. #
.. #.#####.## #.
...####.#####.##### #.
###................#
#.
######.##..#%###.####.
#.##..#..........
#.......<##.####.
#####.#####.# #.


You could see a gnoll.

Vanquished Creatures
  3 gnolls (D:3)
  3 adders
  2 dart slugs
  3 ribbon worms (D:2)
  An orc (D:3)
  10 ball pythons
  4 endoplasms
  3 giant cockroaches
  8 goblins
  2 hobgoblins (D:2)
  6 kobolds
  5 quokkas
  8 bats
  5 frilled lizards
  2 rats
65 creatures vanquished.

Notes
Turn   | Place    | Note
-------+----------+-------------------------------------------
     0 | D:1      | qw the Djinni Hunter began the quest for the Orb.
     0 | D:1      | Reached XP level 1. HP: 18/18 MP: 0/0
     0 | D:1      | 0 ||| qw: Version: 0.3-a-132-g3d54051
     0 | D:1      | 0 ||| qw: Game counter: 608
     0 | D:1      | 0 ||| qw: Melee chars always use a shield: true
     0 | D:1      | 0 ||| qw: God list: Okawaru
     0 | D:1      | 0 ||| qw: Allow faded altars: false
     0 | D:1      | 0 ||| qw: Do Orc after clearing Dungeon:15 true
     0 | D:1      | 0 ||| qw: Do second Lair branch before Depths: true
     0 | D:1      | 0 ||| qw: Lair rune preference: random
     0 | D:1      | 0 ||| qw: Goals: Normal
     0 | D:1      | 0 ||| PLANNING D:1-11
    83 | D:1      | Reached XP level 2. HP: 23/23 MP: 0/0
   151 | D:1      | Found a faded altar of an unknown god.
   819 | D:1      | 819 ||| READING scroll labelled ZYKHYM SETHOMI.
   820 | D:1      | 820 ||| READING scroll labelled WOXTUM ZUEKKUU.
   821 | D:1      | 821 ||| READING 3 scrolls labelled VEROT MUEL.
   922 | D:1      | 922 ||| READING 2 scrolls labelled QYGIBR XIDOORPH.
   922 | D:1      | 922 ||| IDENTIFYING golden potion
   923 | D:1      | 923 ||| READING scroll of identify.
   923 | D:1      | 923 ||| IDENTIFYING ruby potion
   924 | D:1      | 924 ||| READING scroll labelled JOOPTI CUDDEECH.
   924 | D:1      | 924 ||| ENCHANTING +0 shortbow.
   925 | D:1      | 925 ||| DRINKING 2 glowing coppery potions.
   926 | D:1      | 926 ||| DROPPING scroll of butterflies.
   927 | D:1      | 927 ||| DROPPING potion of attraction.
   928 | D:1      | 928 ||| DROPPING potion of ambrosia.
   929 | D:1      | 929 ||| DROPPING 2 scrolls of vulnerability.
   951 | D:2      | Reached XP level 3. HP: 28/28 MP: 0/0
   951 | D:2      | Learned a level 1 spell: Necrotise
   958 | D:2      | Reached skill level 4 in Ranged Weapons
  1101 | D:2      | 1101 ||| FLEEEEING.
  1246 | D:2      | 1246 ||| FLEEEEING.
  1290 | D:2      | Reached XP level 4. HP: 34/34 MP: 0/0
  1302 | D:2      | Reached skill level 3 in Fighting
  1312 | D:2      | 1312 ||| FLEEEEING.
  1481 | D:2      | 1481 ||| FLEEEEING.
  1545 | D:2      | 1545 ||| FLEEEEING.
  1641 | D:2      | Reached skill level 3 in Dodging
  1892 | D:2      | 1892 ||| DROPPING ring of wizardry.
  1893 | D:2      | 1893 ||| READING 2 scrolls of identify.
  1893 | D:2      | 1893 ||| IDENTIFYING sapphire potion
  1894 | D:2      | 1894 ||| READING scroll of identify.
  1894 | D:2      | 1894 ||| IDENTIFYING fuming ruby potion
  1895 | D:2      | 1895 ||| READING 2 scrolls labelled GAFEPT YCOEPAU.
  1896 | D:2      | 1896 ||| READING scroll labelled NOIF SIVAKLI.
  1897 | D:2      | 1897 ||| FLEEEEING.
  2007 | D:2      | 2007 ||| READING scroll labelled SEBUMUESMO.
  2008 | D:2      | 2008 ||| DRINKING 2 bubbling coppery potions.
  2008 | D:2      | Gained mutation: You expend health (3 HP) to strengthen
                  | your wands. [potion of mutation]
  2008 | D:2      | Gained mutation: You have a pair of small horns on your
                  | head. [potion of mutation]
  2008 | D:2      | Gained mutation: You have a pair of horns on your head.
                  | [potion of mutation]
  2009 | D:2      | 2009 ||| DRINKING potion of mutation.
  2009 | D:2      | Lost mutation: You have a pair of horns on your head.
                  | [potion of mutation]
  2009 | D:2      | Lost mutation: You expend health (3 HP) to strengthen your
                  | wands. [potion of mutation]
  2009 | D:2      | Gained mutation: Your natural rate of healing is unusually
                  | fast. [potion of mutation]
  2010 | D:2      | 2010 ||| DROPPING scroll of blinking.
  2056 | D:3      | Found a stormy altar of Qazlal.
  2285 | D:3      | Reached XP level 5. HP: 40/40 MP: 0/0
  2285 | D:3      | Learned a level 2 spell: Call Imp
  2412 | D:3      | HP: 9/40 [gnoll/+0 halberd (8)]
  2413 | D:3      | HP: 3/40 [gnoll/+0 halberd (7)]
  2413 | D:3      | Mangled by a gnoll

Levels and vault maps discovered:
D:1:      sevenhm_arrival_forest_fort_small_6, layout_basic,
          shapermc_ecumenical_altar_mp_highgroup
D:2:      minmay_diamond_boxcup, layout_basic
D:3:      layout_loops_cross, mainiacjoe_overflow_alcove_4, glass_columns_a

Skill      XL: |  1  2  3  4 |
---------------+-------------+-----
Ranged Weapons | 4 |  4.4
Fighting       | 3 |  3.0
Dodging        | 3 |  3.0
Stealth        | |  0.7

Action                     |  1- 3 |  4- 6 || total
---------------------------+-------+-------++-------
   Fire: Shortbow          |    95 |   103 ||   198
    Use: Scroll            |     6 |     5 ||    11
         Potion            |     1 |     2 ||     3
 Armour: Leather armour    |    26 |    31 ||    57
  Dodge: Dodged            |    29 |    49 ||    78

Table legend:
 A = Non-vault XP
 B = Vault XP
 C = Vault XP percentage of total XP
 D = Non-vault monster count
 E = Vault monster count
 F = Vault count percentage of total count
                 A         B        C        D         E       F
            +---------+---------+-------+---------+---------+-------
      Total |     172 |      19 |   9.9 |      55 |      10 |  15.4
            +---------+---------+-------+---------+---------+-------
        D:1 |      28 |       0 |   0.0 |      15 |       0 |   0.0
        D:2 |      68 |      19 |  21.8 |      24 |      10 |  29.4
        D:3 |      76 |       0 |   0.0 |      16 |       0 |   0.0
            +---------+---------+-------+---------+---------+-------
